 Dungeon Crawl Stone Soup version 0.30-a0-170-g85af917532 (webtiles) character file.

Game seed: 18440334979683020390

138 qw the Chopper (level 5, -7/32 HPs)
             Began as a Gargoyle Fighter on Sept 30, 2022.
             Mangled by an ogre
             ... wielding a +0 giant club
              (17 damage)
             ... on level 3 of the Dungeon.
             The game lasted 00:00:48 (2290 turns).

qw the Chopper (Gargoyle Fighter)                   Turns: 2290, Time: 00:00:49

Health: -7/32      AC: 13    Str: 21    XL:     5   Next: 21%
Magic:  5/5        EV:  9    Int:  9    God:
Gold:   187        SH:  4    Dex:  9    Spells: 4/4 levels left

rFire   . . .      SeeInvis .    Y - +0 war axe
rCold   . . .      Faith    .    c - +0 buckler
rNeg    + . .      Spirit   .    b - +0 scale mail
rPois   inf        Reflect  .    l - +0 helmet
rElec   +          Harm     .    (no cloak)
rCorr   .          Rampage  .    h - +0 pair of gloves
Will    .....                    (no boots)
Stlth   ..........               (no amulet)
HPRegen 0.10/turn                (no ring)
MPRegen 0.09/turn                (no ring)

@: no status effects
A: sickness immunity, AC +4, negative energy resistance 1, electricity
resistance, torment resistance 1, petrification resistance
a: no special abilities


You were on level 3 of the Dungeon.
You visited 1 branch of the dungeon, and saw 4 of its levels.

You collected 187 gold pieces.


Innate Abilities, Weirdness & Mutations

You are immune to sickness and miasma.
Your stone body is resilient. (AC +4)
You are immune to poison.
You resist negative energy. (rN+)
You are resistant to electric shocks. (rElec)
You are resistant to unholy torment.
You are immune to petrification.


   Skills:
 - Level 3.2 Fighting
 + Level 4.8 Axes
 - Level 3.2 Armour
 - Level 3.2 Shields


You had 4 spell levels left.
You didn't know any spells.
Your spell library was empty.

Inventory:

Hand Weapons
 m - a +0 flail
 Y - a +0 war axe (weapon)
Missiles
 e - 2 boomerangs (quivered)
Armour
 b - a +0 scale mail (worn)
 c - a +0 buckler (worn)
 h - a +0 pair of gloves (worn)
 l - a +0 helmet (worn)
Scrolls
 a - a scroll of identify
Potions
 d - 3 potions of might
 f - a potion of lignification
 g - a potion of haste
 j - a potion of curing {unknown}

Dungeon Overview and Level Annotations

Branches:
Dungeon (4/15)
 Temple: D:4-7

Altars:
Cheibriados
Dithmenos
Gozag
Hepliaklqana
Trog
Wu Jian
Xom
Zin


Message History

Where to? (* - list waypoints, Enter - D:3, ? - help)
What level of the Dungeon? (default 1, ? - help)
Things that are here:
a +0 club; a goblin skeleton
There is a stone staircase leading down here.
You climb downwards.
The ogre shouts!
You hear an angry hiss.
There is a stone staircase leading up here.
An ogre is nearby!
Existing waypoints: (1) D:2 (2) D:3 Assign waypoint to what number? (0-9, D - delete waypoint) Waypoint 1 re-assigned from D:2 to D:4.
Throw: 2 boomerangs
Press: ? - help, Q - select action Shift-Dir - straight line, f - ogre You throw a boomerang.
The boomerang completely misses the ogre.
An iguana comes into view.
2284 ||| STAIRDANCE The ogre misses you.
You climb upwards.
There is a stone staircase leading down here.
Enter note: You slash the ogre!
The ogre is moderately wounded.
The ogre completely misses you.
You hit the ogre.
The ogre is heavily wounded.
You block the ogre's attack.
You hit the ogre.
The ogre is severely wounded.
You hit the ogre.
The ogre is severely wounded.
The ogre hits you with a +0 giant club!!
Ouch! That really hurt!
You slash the ogre!
The ogre is almost dead.
The ogre hits you with a +0 giant club!
Ouch! That really hurt!
You die...

..######..###
#.##.#
............##
#.#..#
...)......#..##
#.#.##
..........##).#
##...#####
..........###.#
#..##....#
########### #.#
#..##.##.####
#.###..##.##....#
#..#......##.##.#
##.O@##########.#
##.............#
###..############
#....#
#.#.#######
###+#.......#
#...........#
#...........#
#..........##


You could see an ogre.

Vanquished Creatures
  A scorpion (D:2)
  2 adders
  A worm (D:2)
  2 dart slugs
  An orc (D:3)
  2 ball pythons (D:3)
  3 endoplasms
  2 giant cockroaches (D:2)
  8 goblins
  5 hobgoblins
  5 quokkas
  5 bats
  5 frilled lizards
  3 kobolds
  11 rats
56 creatures vanquished.

Notes
Turn   | Place    | Note
-------+----------+-------------------------------------------
     0 | D:1      | qw the Gargoyle Fighter began the quest for the Orb.
     0 | D:1      | Reached XP level 1. HP: 14/14 MP: 1/1
     0 | D:1      | 0 ||| qw: Version: 0.2-a-12-gaebbb33
     0 | D:1      | 0 ||| qw: Game counter: 1458
     0 | D:1      | 0 ||| qw: Always use a shield: true
     0 | D:1      | 0 ||| qw: God list: Okawaru
     0 | D:1      | 0 ||| qw: Allow faded altars: false
     0 | D:1      | 0 ||| qw: Do Orc after D:15 true
     0 | D:1      | 0 ||| qw: Do second Lair branch before Depths: true
     0 | D:1      | 0 ||| qw: Lair rune preference: random
     0 | D:1      | 0 ||| qw: Plans: Normal, Zot:1-4, God:TSO, Crypt, Tomb,
                  | Pan, Slime:5, Hells, Abyss, Orb
     0 | D:1      | 0 ||| PLANNING D:1-11
    72 | D:1      | Reached skill level 2 in Axes
    91 | D:1      | Reached XP level 2. HP: 19/19 MP: 2/2
   321 | D:1      | Reached skill level 3 in Axes
   362 | D:1      | 362 ||| DROPPING +0 club.
   381 | D:1      | Reached XP level 3. HP: 19/23 MP: 3/3
   493 | D:1      | 493 ||| DROPPING scarf of harm.
   494 | D:1      | 494 ||| READING scroll labelled DUNLIE LUAPAE.
   790 | D:2      | 790 ||| Stepping ~*~*~tactically~*~*~ (stealth).
   791 | D:2      | 791 ||| Stepping ~*~*~tactically~*~*~ (stealth).
   792 | D:2      | 792 ||| Stepping ~*~*~tactically~*~*~ (stealth).
   873 | D:2      | Noticed a scorpion
   889 | D:2      | Killed a scorpion
   890 | D:2      | Reached skill level 4 in Axes
   890 | D:2      | Reached XP level 4. HP: 19/28 MP: 4/4
  1210 | D:2      | 1210 ||| Stepping ~*~*~tactically~*~*~ (stealth).
  1211 | D:2      | 1211 ||| Stepping ~*~*~tactically~*~*~ (stealth).
  1679 | D:2      | 1679 ||| UPGRADING to +0 pair of gloves.
  1684 | D:2      | 1684 ||| READING scroll labelled GOUGALUFIA.
  1685 | D:2      | 1685 ||| READING 2 scrolls of identify.
  1685 | D:2      | 1685 ||| IDENTIFYING bubbling red potion
  1812 | D:3      | Reached XP level 5. HP: 29/32 MP: 5/5
  2047 | D:3      | 2047 ||| DROPPING +0 whip.
  2050 | D:3      | Found a shadowy altar of Dithmenos.
  2068 | D:3      | Found a faded altar of an unknown god.
  2103 | D:3      | 2103 ||| Stepping ~*~*~tactically~*~*~ (stealth).
  2104 | D:3      | Found a glowing silver altar of Zin.
  2104 | D:3      | Found an ornate altar of the Wu Jian Council.
  2104 | D:3      | Found a bloodstained altar of Trog.
  2109 | D:3      | Found a hazy altar of Hepliaklqana.
  2112 | D:3      | Found a snail-covered altar of Cheibriados.
  2115 | D:3      | Found an opulent altar of Gozag.
  2118 | D:3      | Found a shimmering altar of Xom.
  2255 | D:3      | 2255 ||| UPGRADING to +0 helmet.
  2260 | D:3      | 2260 ||| READING scroll labelled ZOCIYT VANESH.
  2261 | D:3      | 2261 ||| READING scroll labelled VAEXAG PATOSS.
  2262 | D:3      | 2262 ||| READING 2 scrolls of identify.
  2262 | D:3      | 2262 ||| IDENTIFYING sedimented orange potion
  2281 | D:4      | Noticed an ogre
  2284 | D:4      | 2284 ||| STAIRDANCE
  2290 | D:3      | Mangled by an ogre

Levels and vault maps discovered:
D:1:      ncdulo_halloftheorcs, layout_rooms, fountainhead
D:2:      layout_loops_corners, nicolae_hexahallways, kennysheep_boxes
D:3:      layout_basic, nicolae_overflow_hallway_of_the_gods,
          nicolae_ecumenical_oubliette
D:4:      minmay_chambers_of_twos, layout_basic, serial_shops,
          kennysheep_mini_moat

Skill      XL: |  1  2  3 |
---------------+----------+-----
Axes           | 2 3 4 |  4.8
Fighting       | |  3.2
Armour         | |  3.2
Shields        | |  3.2

Action                   |  1- 3 |  4- 6 || total
-------------------------+-------+-------++-------
Melee: War axe           |    96 |    35 ||   131
Throw: Boomerang         |    12 |    37 ||    49
  Use: Scroll            |     1 |     5 ||     6
Armor: Scale mail        |    55 |    10 ||    65
Dodge: Dodged            |    58 |    11 ||    69
Block: Buckler           |    17 |     5 ||    22

Table legend:
 A = Non-vault XP
 B = Vault XP
 C = Vault XP percentage of total XP
 D = Non-vault monster count
 E = Vault monster count
 F = Vault count percentage of total count
                 A         B        C        D         E       F
            +---------+---------+-------+---------+---------+-------
      Total |     198 |       0 |   0.0 |      56 |       0 |   0.0
            +---------+---------+-------+---------+---------+-------
        D:1 |      34 |       0 |   0.0 |      23 |       0 |   0.0
        D:2 |     126 |       0 |   0.0 |      17 |       0 |   0.0
        D:3 |      38 |       0 |   0.0 |      16 |       0 |   0.0
            +---------+---------+-------+---------+---------+-------
